 Dungeon Crawl Stone Soup version 0.32-a0-986-ga09f62fbf4 (webtiles) character file.

Game seed: 646623432423712379

229 bananaken the Trooper (level 6, -2/67 HPs)
             Began as an Oni Delver on Apr 21, 2024.
             Succumbed to Eustachio's poison
             ... on level 4 of the Dungeon.
             The game lasted 00:06:00 (2730 turns).

bananaken the Trooper (Oni Delver)                  Turns: 2730, Time: 00:06:00

Health: -2/67      AC:  4    Str: 19    XL:     6   Next: 3%
Magic:  6/6        EV:  9    Int: 11    God:
Gold:   255        SH:  0    Dex: 10    Spells: 5/5 levels left

rFire   . . .        x - +2 dagger (elec)
rCold   . . .        (no shield)
rNeg    . . .        a - +0 robe
rPois   .            (helmet restricted)
rElec   .            m - +0 cloak
rCorr   .            (gloves unavailable)
SInv    .            (boots unavailable)
Will    +....        h - amulet of the acrobat
Stlth   ++           (no ring)
HPRegen 0.31/turn    (no ring)
MPRegen 0.10/turn

%: acrobat
@: brilliant, lethally poisoned (-2 -> -26), enlightened, flying
A: large, unfitting armour, horns 1, tough skin 1, double potion healing,
drunken brawling
a: no special abilities


You were on level 4 of the Dungeon.
You visited 1 branch of the dungeon, and saw 5 of its levels.

You collected 255 gold pieces.

Inventory:

Hand Weapons
 l - a +1 hand axe of venom
 x - a +2 dagger of electrocution (weapon)
Missiles
 q - a curare-tipped dart (quivered)
Armour
 a - a +0 robe (worn)
 m - a +0 cloak (worn)
Jewellery
 h - an amulet of the acrobat (around neck)
 r - a ring of ice
Wands
 f - a wand of digging (3)
 j - a wand of quicksilver (8)
Scrolls
 b - a scroll of fog
 c - 2 scrolls of revelation
 d - a scroll of fear
 g - 7 scrolls of identify {unknown}
 i - a scroll of amnesia {unknown}
 n - a scroll of poison {unknown}
 o - 2 scrolls of teleportation {unknown}
 p - 2 scrolls of silence {unknown}
 t - a scroll of brand weapon {unknown}
 u - a scroll of immolation {unknown}
 v - a scroll of blinking {unknown}
Potions
 e - a potion of haste
 k - a potion of enlightenment
 w - a potion of invisibility {unknown}
 z - a potion of curing {unknown}


   Skills:
 + Level 5.9 Fighting
 + Level 0.1 Short Blades
 + Level 3.0 Dodging
 - Level 3.7 Stealth
 - Level 2.9 Unarmed Combat
 + Level 2.0 Evocations


You had 5 spell levels left.
You didn't know any spells.
Your spell library contained the following spells:

 Spells                   Type           Power      Damage    Failure   Level
 Apportation              Tloc           0%         N/A       34%         1
 Necrotise                Necr           0%         1d4       34%         1
 Sting                    Conj/Alch      0%         1d3       34%         1
 Summon Small Mammal      Summ           0%         N/A       34%         1
 Fugue of the Fallen      Necr           0%         N/A       71%         3
 Ozocubu's Armour         Ice            0%         N/A       71%         3
 Manifold Assault         Tloc           0%         N/A       100%        7


Dungeon Overview and Level Annotations

Branches:
Dungeon (5/15)
 Temple: D:4-7

Altars:
Fedhas
Ru
Vehumet

Portals:
Abyss: D:4

Annotations:
D:4 Eustachio; Lemonizer's ghost, amateur CoHu
D:5 1 transporter, MrSquiggles's ghost, novice GrFi


Innate Abilities, Weirdness & Mutations

You are too large for most types of armour.
You have a pair of small horns on your head.
You have tough skin. (AC +1)
You gain doubled healing and magic from potions.
Whenever you drink a healing potion, you attack all around you.


Message History

Eustachio is lightly wounded.
You feel sick.
Eustachio hits you with a +2 rapier of venom.
The crimson imp hits you but does no damage.
The white imp hits you but does no damage.
You closely miss Eustachio.
Eustachio is lightly wounded.
You feel sick.
Eustachio hits you with a +2 rapier of venom.
The crimson imp hits you. The white imp closely misses you.
The white imp hits you but does no damage.
Unknown command.
You completely miss Eustachio.
Eustachio is lightly wounded.
You feel sick.
Eustachio hits you with a +2 rapier of venom!
You are more poisoned.
The crimson imp hits you but does no damage.
The white imp gestures at you. The puff of frost hits you!
The white imp hits you but does no damage.
It was a potion of enlightenment.
You feel very buoyant.
You fly up into the air.
You feel very sick.
Eustachio hits you with a +2 rapier of venom.
* * * LOW HITPOINT WARNING * * *
You are lethally poisoned!
The white imp gestures at you. The puff of frost hits you!
* * * LOW HITPOINT WARNING * * *
The crimson imp hits you but does no damage.
The white imp hits you.
* * * LOW HITPOINT WARNING * * *
The white imp freezes you.
* * * LOW HITPOINT WARNING * * *
Unknown command.
It was a potion of brilliance.
You feel clever all of a sudden.
You die...

#...##.##..##.
#... #....#9∩
..#) ##..#
#....#W##..##
##....
#....###....##
......
#............#
......
#.............
......
#..[..........
......
#.#...5.##.##.
#.....
#.....@.# #
.##..
###..5@5# #..
#....... #..
#....###.# ##.
#..... # ##
####.. .##.
#.. #.... ...#
###.$ ....


You could see a toenail golem, Eustachio, Lemonizer's ghost, a crimson imp
(summoned) and 2 white imps.

Vanquished Creatures
  A hound (D:3)
  2 orc priests (D:3)
  4 adders
  3 dart slugs
  A ribbon worm (D:3)
  13 orcs
  11 ball pythons
  9 endoplasms
  3 giant cockroaches
  4 hobgoblins
  3 kobolds
  2 quokkas (D:1)
  6 bats
  12 goblins
  6 rats
80 creatures vanquished.

Notes
Turn   | Place    | Note
-------+----------+-------------------------------------------
     0 | D:5      | bananaken the Oni Delver began the quest for the Orb.
     0 | D:5      | Reached XP level 1. HP: 24/24 MP: 1/1
    10 | D:5      | Found a transporter.
    10 | D:5      | Noticed MrSquiggles's ghost (novice GrFi)
    10 | D:5      | Noticed a sleepcap
    12 | D:5      | Noticed a vampire mosquito
    12 | D:5      | Noticed a black bear
    34 | D:5      | Noticed a scorpion
    39 | D:4      | Found a blossoming altar of Fedhas.
   180 | D:4      | Found a sacrificial altar of Ru.
   219 | D:3      | Noticed an orc priest
   228 | D:3      | Reached XP level 2. HP: 28/32 MP: 2/2
   326 | D:2      | Reached XP level 3. HP: 36/40 MP: 3/3
  1041 | D:1      | Found a radiant altar of Vehumet.
  1375 | D:1      | Found a faded altar of an unknown god.
  1384 | D:1      | Reached XP level 4. HP: 47/49 MP: 4/4
  1555 | D:3      | Reached skill level 5 in Fighting
  1613 | D:3      | Reached skill level 1 in Evocations
  1708 | D:3      | Reached XP level 5. HP: 54/57 MP: 5/5
  2579 | D:3      | Reached XP level 6. HP: 67/67 MP: 6/6
  2718 | D:4      | Noticed Eustachio
  2719 | D:4      | Found a one-way gate to the infinite horrors of the Abyss.
  2719 | D:4      | Noticed a toenail golem
  2719 | D:4      | Noticed Lemonizer's ghost (amateur CoHu)
  2730 | D:4      | Succumbed to Eustachio's poison

Illustrated notes

Levels and vault maps discovered:
D:1:      dpeg_arrival_lava_altar, layout_loops_cross,
          shapermc_ecumenical_altar_venn
D:2:      layout_rooms
D:3:      minmay_inner_zag, layout_loops_ring, minmay_shallow_snake_nest
D:4:      layout_rooms, mainiacjoe_overflow_boulevard, amcnicky_altar_gilded,
          serial_shops, nicolae_shop_mannequins, gammafunk_ghost_abyssal_escape,
          uniq_eustachio
D:5:      layout_gridville, gammafunk_ghost_arena

Skill      XL: |  1  2  3  4  5  6 |
---------------+-------------------+-----
Unarmed Combat | 2 |  2.9
Dodging        | 2 3 |  3.0
Fighting       | 5 |  5.9
Evocations     | 1 2 |  2.0
Short Blades   | |  0.1
Stealth        | |  3.7

Action                     |  1- 3 |  4- 6 || total
---------------------------+-------+-------++-------
  Melee: Unarmed           |    25 |       ||    25
         Headbutt          |    13 |    10 ||    23
         Hand axe          |    61 |    61 ||   122
         Dagger            |       |    15 ||    15
  Throw: Dart              |       |     2 ||     2
    Use: Potion            |       |     2 ||     2
   Stab: Sleeping          |     9 |     2 ||    11
         Distracted        |       |     1 ||     1
 Armour: Robe              |    55 |    58 ||   113
  Dodge: Dodged            |    41 |    41 ||    82

Table legend: (Time is in decaauts)
 A = Elapsed time spent in this place.
 B = Non-inter-level travel time spent in this place.
 C = Inter-level travel time spent in this place.
 D = Time resting spent in this place.
 E = Time spent auto-exploring this place.
 F = Levels seen in this place.
 G = Mean time per level.
                   A        B        C        D        E       F      G
               +--------+--------+--------+--------+--------+-----+--------+
         Total |   2764 |   2666 |     98 |    139 |   1875 |   5 |  552.8 |
       Dungeon |   2764 |   2666 |     98 |    139 |   1875 |   5 |  552.8 |
               +--------+--------+--------+--------+--------+-----+--------+

Top non-repeatable levels by time:
     D:3: 1177 daAuts
     D:1: 793 daAuts
     D:2: 508 daAuts
     D:4: 246 daAuts
     D:5: 39 daAuts
